 Dungeon Crawl Stone Soup version 0.26.0-10-g1f06aea511 (webtiles) character file.

Game seed: 11649639874899461273

314 inc the Covert (level 6, -3/24 HPs)
             Began as a Felid Enchanter on Feb 2, 2021.
             Was a Believer of Dithmenos.
             Slain by Duvessa
             ... wielding a +4 short sword of flaming
              (11 damage)
             ... on level 5 of the Dungeon.
             The game lasted 00:07:23 (5967 turns).

inc the Covert (Felid Enchanter)                    Turns: 5967, Time: 00:07:23

Health: -3/24      AC:  2    Str:  4    XL:     6   Next: 19%
Magic:  8/10       EV: 18    Int: 19    God:    Dithmenos [**....]
Gold:   212        SH:  0    Dex: 16    Spells: 3/9 levels left
                                        Lives:  0   Deaths: 1

rFire    . . .     SeeInvis +     - Unarmed
rCold    . . .     Faith    .   (shield unavailable)
rNeg     . . .     Spirit   .   (armour unavailable)
rPois    .         Reflect  .   (helmet unavailable)
rElec    .         Harm     .   (cloak unavailable)
rCorr    +         Rampage  .   (gloves unavailable)
Will     .....                  (boots unavailable)
Stlth    ++++++....             (no amulet)
HPRegen  0.08/turn              i - ring of resist corrosion
MPRegen  0.12/turn              (no ring)

@: brilliant, wreathed by umbra, quick
A: very small, no armour, no weapons or thrown items, stealth, claws 1, fangs 3,
see invisible, speed 1, shaggy fur 2, sharp paws
a: Renounce Religion, Shadow Step


You were on level 5 of the Dungeon.
You worshipped Dithmenos.
Dithmenos was pleased with you.
You visited 1 branch of the dungeon, and saw 5 of its levels.

You collected 212 gold pieces.

Inventory:

Jewellery
 i - a ring of resist corrosion (left paw)
 k - a +4 ring of evasion
Wands
 h - a wand of random effects (12)
Scrolls
 a - a scroll of teleportation {unknown}
 b - 2 scrolls of enchant armour {unknown}
 d - 10 scrolls of identify {unknown}
 e - 2 scrolls of immolation {unknown}
 g - 2 scrolls of remove curse {unknown}
 j - a scroll of blinking {unknown}
Potions
 c - 4 potions of curing {unknown}
 f - a potion of brilliance
 l - a potion of attraction {unknown}


   Skills:
 - Level 2.6 Dodging
 + Level 9.1 Stealth
 - Level 2.6 Unarmed Combat
 - Level 2.0 Spellcasting
 - Level 6.8 Hexes


You had 3 spell levels left.
You knew the following spells:

 Your Spells              Type           Power        Failure   Level
b - Ensorcelled Hibernat  Hex/Ice        44%          6%          2
c - Confusing Touch       Hex            42%          3%          3
i - Corona                Hex            46%          1%          1

Your spell library contained the following spells:

 Spells                   Type           Power        Failure   Level
 Tukima's Dance           Hex            42%          3%          3
 Dazzling Flash           Conj/Hex       44%          12%         3


Dungeon Overview and Level Annotations

Branches:
Dungeon (5/15)
 Temple: D:4-7

Altars:
Cheibriados
Dithmenos
Fedhas
Qazlal

Annotations:
D:5 Duvessa


Innate Abilities, Weirdness & Mutations

You cannot wear armour.
You are incapable of wielding weapons or throwing items.
Your paws allow you to move quietly. (Stealth)
You have sharp claws.
You have razor-sharp teeth.
You have supernaturally acute eyesight. (SInv)
You cover ground quickly.
You are covered in thick fur. (AC +2)
Your sharp claws are effective at attacking unaware monsters.


Message History

Okay, then.
It was a potion of brilliance.
You feel clever all of a sudden. Duvessa barely misses you.
Casting: Ensorcelled Hibernation (safe; 6% risk of failure)
Confirm with . or Enter, or press ? or * to list all spells.
The spell is quite dangerous to cast (3% risk of failure)!
Continue anyway?
You feel a surge of power!
Your paws begin to glow red.
Duvessa misses you. x2
Press: ? - help, v - describe, . - travel
Here: Duvessa, wielding a +4 short sword of flaming and wearing a +0 leather armour (berserk, chance to confuse on hit: 50%, umbra)
The floor.
You scratch Duvessa but do no damage.
Duvessa appears confused.
You bite Duvessa.
Duvessa is lightly wounded.
Duvessa hits you with a +4 short sword of flaming!
Duvessa burns you.
You scratch Duvessa but do no damage.
Duvessa is lightly wounded.
Duvessa hits you with a +4 short sword of flaming!
You die...

#§# ## ##.## ###.
#.#...## ##..#
#...^§########..##
##.............##
#.########....#
##.# ###.## #e##
### ###@# #.>##
#### ######
##....[ ####...)..
#####.....†.##
..........###
.......<.##
###.....##


You could see Duvessa (berserk, confused).

Vanquished Creatures
  A water moccasin skeleton (D:4)
  Dowan (D:5)
  A howler monkey (D:4)
  A hound (D:3)
  An iguana (D:4)
  2 worker ants
  6 adders
  7 gnolls (D:3)
  An adder skeleton (D:4)
  An adder zombie (D:5)
  2 worms (D:2)
  A dart slug (D:2)
  3 leopard geckos
  8 orcs
  23 giant cockroaches
  8 goblins
  8 hobgoblins
  10 jackals
  5 quokkas
  3 ball pythons
  10 bats
  4 frilled lizards
  3 kobolds
  A leopard gecko skeleton (D:4)
  6 rats
117 creatures vanquished.

Vanquished Creatures (others)
  3 plants (D:4)
3 creatures vanquished.

Grand Total: 120 creatures vanquished

Notes
Turn   | Place    | Note
-------+----------+-------------------------------------------
     0 | D:1      | inc the Felid Enchanter began the quest for the Orb.
     0 | D:1      | Reached XP level 1. HP: 7/7 MP: 4/4
   150 | D:1      | Reached XP level 2. HP: 10/11 MP: 6/6
   157 | D:1      | Learned a level 2 spell: Ensorcelled Hibernation
  1178 | D:1      | Reached XP level 3. HP: 10/14 MP: 1/7
  1496 | D:1      | Reached skill level 5 in Hexes
  1694 | D:2      | Found a snail-covered altar of Cheibriados.
  1894 | D:2      | Found a shadowy altar of Dithmenos.
  1911 | D:2      | Became a worshipper of Dithmenos the Shadowed
  2412 | D:2      | Reached XP level 4. HP: 18/18 MP: 8/8
  3237 | D:3      | Reached * piety under Dithmenos
  3251 | D:3      | Learned a level 3 spell: Confusing Touch
  3981 | D:3      | Reached XP level 5. HP: 13/21 MP: 0/9
  4109 | D:3      | Reached skill level 5 in Stealth
  4285 | D:3      | Reached skill level 6 in Stealth
  4518 | D:4      | Found a blossoming altar of Fedhas.
  4521 | D:4      | Found a stormy altar of Qazlal.
  4543 | D:4      | Reached skill level 7 in Stealth
  4543 | D:4      | Gained mutation: You are covered in thick fur. (AC +2)
                  | [Felid growth]
  4543 | D:4      | Reached XP level 6. HP: 24/24 MP: 0/10
  5076 | D:4      | Reached skill level 8 in Stealth
  5426 | D:4      | Killed from afar by an orc priest
  5427 | D:4      | Reached XP level 5. HP: -1/21 MP: 1/9
  5537 | D:4      | Reached ** piety under Dithmenos
  5835 | D:5      | Entered Level 5 of the Dungeon
  5947 | D:5      | Reached XP level 6. HP: 24/24 MP: 10/10
  5948 | D:5      | Noticed Dowan
  5953 | D:5      | Noticed Duvessa
  5955 | D:5      | Killed Dowan
  5956 | D:5      | Reached skill level 9 in Stealth
  5967 | D:5      | Slain by Duvessa

Illustrated notes

Levels and vault maps discovered:
D:1:      dpeg_arrival_refuge, layout_basic, minmay_fountain_box
D:2:      layout_loops_ring, lemuel_doored_altar, marbit_many_paths,
          minmay_pentomino_q2
D:3:      minmay_roachtagon, layout_loops_corners
D:4:      layout_gridville, grunt_temple_overflow_forces_of_nature
D:5:      minmay_skewed_foursquare, layout_layer_cave,
          grunt_temple_overflow_order_and_chaos_2, serial_shops,
          kennysheep_little_box, hex_large, roderic_batcave, minivault_5,
          uniq_duvessa

Skill      XL: |  1  2  3  4  5  6 |
---------------+-------------------+-----
Unarmed Combat | 2 |  2.6
Hexes          | 6 |  6.8
Stealth        | 7 9 |  9.1
Dodging        | |  2.6
Spellcasting   | |  2.0

Action                   |  1- 3 |  4- 6 || total
-------------------------+-------+-------++-------
Melee: Unarmed           |    96 |   124 ||   220
       Bite              |     1 |     7 ||     8
 Cast: Ensorcelled Hiber |    40 |    71 ||   111
       Confusing Touch   |       |     3 ||     3
  Use: Potion            |       |     1 ||     1
 Stab: Sleeping          |    35 |    60 ||    95
       Confused          |       |     3 ||     3
Armor: Skin              |     2 |     8 ||    10
Dodge: Dodged            |    89 |   113 ||   202
